AoeStats
← Vinz Clortho

Arabia

504348688Analyzed
1v1 RM · 26d ago on Sep 5, 2026· 35m 34s· 2 players
Game mode
Random Map
Map size
Tiny (2 player)
Population
200
Speed
Normal
Resources
Standard
Victory
Conquest
Starting age
Dark Age
Ending age
Imperial Age
RankedLock teamsTeams togetherTeam positionsShared explorationLock speedFull tech treeHidden civsTurbo modeCheats
Victory
Defeat
🇺🇸 Malians · United States
827
+36
🇵🇦 Koreans · Panama
807
-15
PlasteredPlace01
10:35 Feudal Age
8:53 Loom
12:25 Double-Bit Axe
14:47 Fletching
21:07 Castle Age
22:50 Crossbowman
23:55 Thumb Ring
27:27 Bodkin Arrow
27:57 Scale Mail Armor
32:19 Chain Mail Armor
Vinz Clortho
8:20 Loom
12:31 Feudal Age
13:35 Horse Collar
23:12 Castle Age
21:37 Scale Barding Armor
22:12 Bloodlines
22:47 Forging
25:55 Iron Casting
27:04 Chain Barding Armor
Connection lost

Rejoining the realm…

Still unreachable

The connection could not be restored.

Session expired

The server has moved on; the page needs a fresh start.